 Dungeon Crawl Stone Soup version 0.17.1-3-g152610e (webtiles) character file.

305 Peloso the Covered (level 6, -2/53 HPs)
             Began as a Minotaur Fighter on Apr 14, 2016.
             Killed by divine providence
             ... invoked by an orc priest
              (14 damage)
             ... on level 4 of the Dungeon.
             The game lasted 00:07:34 (2902 turns).

Peloso the Covered (Minotaur Fighter)               Turns: 2902, Time: 00:07:34

Health: -2/53      AC:  8    Str: 21    XL:     6   Next: 16%
Magic:  5/5        EV:  9    Int:  5    God:
Gold:   145        SH: 10    Dex: 11    Spells: 0 memorised, 5 levels left

rFire  . . .     SeeInvis .     a - +0 long sword
rCold  . . .     Clarity  .     b - +0 scale mail
rNeg   . . .     SustAt   .     c - +0 shield
rPois  .         Gourm    .     (helmet restricted)
rElec  .         Spirit   .     (no cloak)
rCorr  .         Warding  .     q - +0 pair of gloves
rMut   .         Stasis   .     (no boots)
MR     .....                    (no amulet)
Stlth  ..........               (no ring)
                                t - ring of wizardry

@: not resistant to hostile enchantments, extremely unstealthy
A: retaliatory headbutt, horns 2
a: no special abilities


You were on level 4 of the Dungeon.
You were not hungry.

You visited 1 branch of the dungeon, and saw 4 of its levels.

You collected 145 gold pieces.

Inventory:

Hand Weapons
 a - a +0 long sword (weapon)
Armour
 b - a +0 scale mail (worn)
 c - a +0 shield (worn)
 q - a +0 pair of gloves (worn)
Jewellery
 t - a ring of wizardry (left hand)
Wands
 p - a wand of polymorph (0)
Scrolls
 f - a scroll of fog {unknown}
 h - 2 scrolls of magic mapping {unknown}
 i - 2 scrolls of random uselessness {unknown}
 j - 2 scrolls of remove curse {unknown}
 n - a scroll of recharging {unknown}
 o - 5 scrolls of identify {unknown}
 r - 2 scrolls of immolation {unknown}
 u - a scroll of fear {unknown}
 v - a scroll of blinking {unknown}
 w - a scroll of teleportation {unknown}
Potions
 d - a potion of might
 g - a potion of curing {unknown}
 l - a potion of agility {unknown}
 m - 3 potions of poison {unknown}
 s - a potion of invisibility {unknown}
Comestibles
 e - a bread ration
 k - 3 beef jerkies
 x - 2 chunks of flesh


   Skills:
 + Level 4.7 Fighting
 + Level 3.7 Long Blades
 + Level 5.1 Armour
 + Level 3.0 Dodging
 + Level 0.3 Stealth
 + Level 4.8 Shields


You had 5 spell levels left.
You didn't know any spells.

Dungeon Overview and Level Annotations

Branches:
Dungeon (4/15)
 Temple: D:4-7

Altars:
Dithmenos
Kikubaaqudgha
Ru
Sif Muna
Trog
Yredelemnul


Innate Abilities, Weirdness & Mutations

You reflexively headbutt those who attack you in melee.
You have a pair of horns on your head.


Message History

You block the orc's attack.
You hit something.
Reactivating autopickup.
Your Dodging skill increases to level 3!
You feel a bit more experienced.
The orc priest hits you but does no damage.
The orc hits you but does no damage.
Unknown command.
You hit the orc priest.
You headbutt the orc priest, but do no damage.
The orc priest is almost dead.
The orc priest mumbles some strange prayers to Beogh against you.
Pain shoots through your body!
* * * LOW HITPOINT WARNING * * *
You block the orc's attack.
You hit the orc priest.
The orc priest is almost dead.
The orc priest mumbles some strange prayers to Beogh against you.
Something smites you!
You die...

........P.P....###.........##....
..##........#### #.........##.###
#............# #.........##....
............#####.............##
.................#+####..###.#.
...............#...........#.
...............###.........#.
##....######.o...#....<..#.#.
#.... #@).#.######..#.#.
...........o..#........>#.#.
..............###########.#.
............ #.#. ##....#......
#... .<....#........ ####
##....#........ +....##.......


You could see an orc priest and an orc.

Vanquished Creatures
  A phantom (D:4)
  An orc wizard (D:4)
  Jessica (D:2)
  An iguana (D:4)
  3 gnolls
  3 adders (D:2)
  An ooze (D:1)
  4 worms
  An adder skeleton (D:4)
  2 giant geckos (D:1)
  3 orcs
  2 ball pythons (D:1)
  2 hobgoblins (D:1)
  4 jackals (D:1)
  12 kobolds
  A quokka (D:3)
  4 bats
  A giant cockroach (D:2)
  5 giant newts
  7 goblins
  5 rats
64 creatures vanquished.

Notes
Turn   | Place    | Note
--------------------------------------------------------------
     0 | D:1      | Peloso the Minotaur Fighter began the quest for the Orb.
     0 | D:1      | Reached XP level 1. HP: 19/19 MP: 0/0
   126 | D:1      | Reached XP level 2. HP: 18/27 MP: 1/1
   226 | D:1      | Reached skill level 4 in Armour
   393 | D:1      | Reached XP level 3. HP: 33/33 MP: 2/2
   572 | D:2      | Found a bloodstained altar of Trog.
   657 | D:2      | Noticed Jessica
   711 | D:2      | Killed Jessica
   711 | D:2      | Reached skill level 1 in Dodging
   711 | D:2      | Reached XP level 4. HP: 23/40 MP: 3/3
   985 | D:2      | Found an ancient bone altar of Kikubaaqudgha.
  1901 | D:3      | Found a shadowy altar of Dithmenos.
  2042 | D:4      | Noticed a phantom
  2080 | D:4      | Killed a phantom
  2080 | D:4      | Reached XP level 5. HP: 27/47 MP: 4/4
  2091 | D:4      | Found a sacrificial altar of Ru.
  2332 | D:2      | Reached skill level 5 in Armour
  2839 | D:4      | Found a deep blue altar of Sif Muna.
  2863 | D:4      | Found a basalt altar of Yredelemnul.
  2865 | D:4      | Reached XP level 6. HP: 45/53 MP: 5/5
  2902 | D:4      | Killed from afar by an orc priest

Action                   |  1- 3 |  4- 6 || total
-------------------------+-------+-------++-------
Melee: Long sword        |    73 |   132 ||   205
       Unarmed           |     9 |       ||     9
  Eat: Chunk             |       |     7 ||     7
